 Dungeon Crawl Stone Soup version 0.25-a0-611-g6918904 (webtiles) character file.

Game seed: 14318748372144673579, levelgen mode: deterministic

142 Trolling the Ruffian (level 5, -3/53 HPs)
             Began as a Troll Fighter on Mar 16, 2020.
             Slain by an orc wizard
             ... wielding a +0 dagger of distortion
              (23 damage)
             ... on level 2 of the Dungeon.
             The game lasted 00:05:06 (1029 turns).

Trolling the Ruffian (Troll Fighter)                Turns: 1029, Time: 00:05:07

Health: -3/53      AC:  6    Str: 25    XL:     5   Next: 4%
Magic:  4/4        EV:  8    Int:  4    God:
Gold:   43         SH:  9    Dex:  9    Spells: 4/4 levels left

rFire    . . .     SeeInvis .     - Unarmed
rCold    . . .     Gourm    +   b - +0 kite shield
rNeg     . . .     Faith    .   a - +0 robe
rPois    .         Spirit   .   (helmet restricted)
rElec    .         Reflect  .   (no cloak)
rCorr    .         Harm     .   (gloves unavailable)
MR       .....                  (boots unavailable)
Stlth    +.........             (no amulet)
HPRegen  0.57/turn              (no ring)
MPRegen  0.09/turn              (no ring)

@: no status effects
A: large, unfitting armour, claws 3, fast metabolism 3, gourmand, regeneration
1, shaggy fur 1, tough skin 3
a: no special abilities


You were on level 2 of the Dungeon.
You were completely stuffed.

You visited 1 branch of the dungeon, and saw 2 of its levels.

You collected 43 gold pieces.

Inventory:

Missiles
 n - a throwing net (quivered)
Armour
 a - a +0 robe (worn)
 b - a +0 kite shield (worn)
Scrolls
 e - a scroll of enchant armour {unknown}
 g - a scroll of immolation {unknown}
 k - a scroll of blinking {unknown}
 m - a scroll of enchant weapon {unknown}
 o - a scroll of identify {unknown}
Potions
 c - a potion of might
 h - a potion of flight {unknown}
 i - a potion of berserk rage {unknown}
 j - a potion of curing {unknown}
 l - a potion of degeneration {unknown}
Comestibles
 d - 2 rations
 f - 2 chunks of flesh


   Skills:
 + Level 3.2 Fighting
 - Level 2.4 Dodging
 + Level 3.1 Shields
 * Level 3.9 Unarmed Combat


You had 4 spell levels left.
You didn't know any spells.
Your spell library was empty.

Dungeon Overview and Level Annotations

Branches:
Dungeon (2/15)

Altars:


Innate Abilities, Weirdness & Mutations

You are too large for most types of armour.
You have claws for hands.
Your metabolism is lightning-fast.
You like to eat raw meat.
Your natural rate of healing is unusually fast.
You are covered in fur. (AC +1)
You have extremely tough skin. (AC +3)


Message History

The orc wizard is moderately wounded.
The orc wizard hits you but does no damage.
Space warps horribly around you!
You scratch the orc wizard.
The orc wizard is moderately wounded.
The orc wizard hits you with a +0 dagger of distortion.
Space warps horribly around you!
You are too injured to fight recklessly!
You are too injured to fight recklessly!
You are too injured to fight recklessly!
You are too injured to fight recklessly!
You barely miss the orc wizard.
The orc wizard is moderately wounded.
The orc wizard gestures wildly while chanting.
The orc wizard seems to speed up.
Your shield prevents you from hitting the orc wizard.
The orc wizard is moderately wounded.
The orc wizard hits you but does no damage.
Space warps horribly around you!!
You die...

#..#### ......#
#.# #ยง.##.#
#.# #..##<# #
#.# #o.##@# #
.###.####..##o#
.....##...##.#
# #..##).###.#
# ##........)<#
# #.......#####
# ####.###...#
# #..).# #...#
###.##.###.#.#


You could see an orc wizard.

Vanquished Creatures
  An orc priest (D:1)
  An orc wizard (D:1)
  2 adders (D:2)
  An ooze (D:2)
  2 dart slugs
  A leopard gecko (D:2)
  2 orcs (D:2)
  2 giant cockroaches
  9 goblins
  6 hobgoblins (D:1)
  4 jackals (D:2)
  4 kobolds
  A quokka (D:2)
  2 ball pythons (D:2)
  7 bats
  3 frilled lizards (D:1)
  7 rats
55 creatures vanquished.

Notes
Turn   | Place    | Note
-------+----------+-------------------------------------------
     0 | D:1      | Trolling the Troll Fighter began the quest for the Orb.
     0 | D:1      | Reached XP level 1. HP: 22/22 MP: 0/0
   218 | D:1      | Reached XP level 2. HP: 29/29 MP: 1/1
   421 | D:1      | Reached XP level 3. HP: 36/36 MP: 2/2
   974 | D:2      | Reached XP level 4. HP: 44/44 MP: 3/3
  1002 | D:1      | Reached XP level 5. HP: 43/53 MP: 4/4
  1029 | D:2      | Slain by an orc wizard

Levels and vault maps discovered:
D:1:      sevenhm_arrival_forest_fort_large_2, layout_rooms
D:2:      layout_loops_ring, uniq_jessica

Skill      XL: |  1  2  3  4 |
---------------+-------------+-----
Unarmed Combat | 3 |  3.9
Fighting       | 3 |  3.2
Shields        | 3 |  3.1
Dodging        | |  2.4

Action                   |  1- 3 |  4- 6 || total
-------------------------+-------+-------++-------
Melee: Unarmed           |   139 |    25 ||   164
  Eat: Chunk             |    15 |       ||    15
Armor: Robe              |    43 |    11 ||    54
Dodge: Dodged            |    35 |     5 ||    40
Block: Kite shield       |    56 |     8 ||    64

Table legend:
 A = Non-vault XP
 B = Vault XP
 C = Vault XP percentage of total XP
 D = Non-vault monster count
 E = Vault monster count
 F = Vault count percentage of total count
                 A         B        C        D         E       F
            +---------+---------+-------+---------+---------+-------
      Total |     204 |       0 |   0.0 |      55 |       0 |   0.0
            +---------+---------+-------+---------+---------+-------
        D:1 |     130 |       0 |   0.0 |      32 |       0 |   0.0
        D:2 |      74 |       0 |   0.0 |      23 |       0 |   0.0
            +---------+---------+-------+---------+---------+-------
